 Dungeon Crawl Stone Soup version 0.26.1-2-gb8aa6d0cf2 (webtiles) character file.

Game seed: 16330268121894998651

4558 Davidson the Geomancer (level 10, -4/51 HPs)
             Began as a Gargoyle Earth Elementalist on Feb 11, 2021.
             Was an Initiate of Ru.
             Slain by a yak (10 damage)
             ... on level 1 of the Lair of Beasts on Feb 21, 2021.
             The game lasted 01:08:22 (9674 turns).

Davidson the Geomancer (GrEE)                       Turns: 9674, Time: 01:08:23

Health: -4/51      AC: 12    Str: 15    XL:     10   Next: 40%
Magic:  5/21       EV: 17    Int: 24    God:    Ru [......]
Gold:   445        SH:  0    Dex: 10    Spells: 8/24 levels left

rFire    . . .     SeeInvis .   i - +4 quarterstaff (chaos)
rCold    . . .     Faith    .   (shield currently unavailable)
rNeg     + . .     Spirit   .   c - +1 robe
rPois    ∞         Reflect  .   (no helmet)
rElec    +         Harm     .   (no cloak)
rCorr    .         Rampage  .   (no gloves)
Will     .....                  (no boots)
Stlth    +++.......             (no amulet)
HPRegen  0.17/turn              k - +6 ring of intelligence
MPRegen  0.17/turn              g - +4 ring of evasion

@: no status effects
A: icy blue scales 1, negative energy resistance 1, electricity resistance,
strong 1, unbreathing, petrification resistance, miasma immunity, AC +7
a: Renounce Religion, Sacrifice Durability, Sacrifice Skill, Sacrifice Love,
Reject Sacrifices


You were on level 1 of the Lair of Beasts.
You worshipped Ru.
Ru was noncommittal.
You visited 2 branches of the dungeon, and saw 9 of its levels.

You collected 445 gold pieces.

Inventory:

Hand Weapons
 i - a +4 quarterstaff of chaos (weapon)
Missiles
 j - 73 stones
Armour
 c - a +1 robe (worn)
Jewellery
 g - a +4 ring of evasion (right hand)
 k - a +6 ring of intelligence (left hand)
Wands
 b - a wand of acid (3)
 r - a wand of random effects (11)
Scrolls
 a - 5 scrolls of identify
 e - 2 scrolls of blinking
 l - 2 scrolls of teleportation
 o - 2 scrolls of remove curse
 p - 2 scrolls of enchant armour
Potions
 d - 2 potions of curing
 f - a potion of invisibility
 h - a potion of heal wounds
 m - 2 potions of berserk rage
 n - a potion of haste
 q - a potion of cancellation


   Skills:
 - Level 0.9 Fighting
 - Level 3.3 Staves
 - Level 0.1 Throwing
 + Level 4.8 Dodging
 + Level 6.8 Stealth
 + Level 7.8 Spellcasting
 - Level 1.0 Conjurations
 + Level 3.5 Transmutations
 - Level 0.2 Air Magic
 + Level 9.8 Earth Magic
 - Level 0.2 Evocations


You had 8 spell levels left.
You knew the following spells:

 Your Spells              Type           Power        Failure   Level
a - Sandblast             Erth           100%         1%          1
b - Lee's Rapid Deconstr  Erth           27%          3%          5
c - Stone Arrow           Conj/Erth      70%          2%          3
d - Passwall              Tmut/Erth      34%          1%          2
e - Shock                 Conj/Air       48%          5%          1
f - Petrify               Tmut/Erth      41%          4%          4

Your spell library contained the following spells:

 Spells                   Type           Power        Failure   Level
 Swiftness                Air            10%          9%          2
 Static Discharge         Conj/Air       12%          16%         3
 Airstrike                Air            5%           52%         4
 Lightning Bolt           Conj/Air       6%           82%         5


Dungeon Overview and Level Annotations

Branches:
Dungeon (8/15)             Temple (0/1) D:6            Lair (1/6) D:8

Altars:
Ashenzari
Cheibriados
Dithmenos
Gozag
Hepliaklqana
Kikubaaqudgha
Nemelex Xobeh
Okawaru
Qazlal
Ru
Trog
Uskayaw
Vehumet
Yredelemnul
The Shining One

Annotations:
Abyss:1 Prince Ribbit


Innate Abilities, Weirdness & Mutations

You are resistant to torment.
Your stone body is resilient. (AC +7)
You are immune to poison.
You resist negative energy. (rN+)
You are resistant to electric shocks. (rElec)
You can survive without breathing.
You are immune to petrification.
You are immune to miasma.
You are partially covered in icy blue scales. (AC +2)
Your muscles are strong. (Str +2)


Message History

Blink to where?
Press: ? - help, Dir - move target
As you read the scroll of blinking, it crumbles to dust.
You don't have enough magic to cast that spell.
You closely miss the bullfrog. The bullfrog misses you. The bullfrog hits you.
* * * LOW HITPOINT WARNING * * *
You barely miss the bullfrog. The bullfrog barely misses you.
The bullfrog hits you.
* * * LOW HITPOINT WARNING * * *
You thump the bullfrog!
The bullfrog seems to grow stronger.
The bullfrog is moderately wounded.
The bullfrog hits you but does no damage.
The bullfrog closely misses you. The bullfrog hits you!
* * * LOW HITPOINT WARNING * * *
You thump the bullfrog! You burn the bullfrog.
You kill the bullfrog!
The yak completely misses you. The yak gores you!
You die...

### ##.########
###.........######
#................#
####.#...............
##..#........Y@.......
#.....P......Y..####..
#.#####......Y..# #.#
#.....<...#
#.#####.#.#...###
##.............# #
#..........#...######.#.
##.).........Y..........
#P.................#..#


You could see 4 yaks.

Vanquished Creatures
  A two-headed ogre (D:8)
  Maurice (D:8)
  Grinder (D:3)
  A hornet (D:8)
  2 yaks (Lair:1)
  A basilisk (Lair:1)
  A water moccasin (Lair:1)
  A sky beast (D:8)
  A phantom (D:7)
  A centaur (D:7)
  Blork the orc (D:5)
  5 bullfrogs
  A scorpion (D:7)
  13 wights
  A howler monkey (D:7)
  3 jellies
  A quasit (D:6)
  Crazy Yiuf (D:2)
  2 orc priests
  5 hounds
  4 orc wizards
  A centaur skeleton (D:7)
  Jessica (D:3)
  4 iguanas
  3 worker ants
  Natasha (thrice) (D:2)
  4 hound skeletons
  10 gnolls
  2 river rats (D:3)
  11 adders
  A howler monkey skeleton (D:4)
  A shadow imp (D:8)
  An ufetubus (D:7)
  An ooze (D:4)
  An adder zombie (D:6)
  2 adder skeletons
  2 worms (D:3)
  4 dart slugs
  3 leopard geckos
  12 orcs
  3 ball pythons
  2 giant cockroaches
  9 hobgoblins
  10 kobolds
  4 quokkas
  3 bats
  6 frilled lizards
  9 goblins
  2 leopard gecko skeletons
  A quokka zombie (D:6)
  14 rats
178 creatures vanquished.

Vanquished Creatures (others)
  2 fungi (D:2)
  2 plants (D:1)
4 creatures vanquished.

Grand Total: 182 creatures vanquished

Notes
Turn   | Place    | Note
-------+----------+-------------------------------------------
     0 | D:1      | Davidson the Gargoyle Earth Elementalist began the quest
                  | for the Orb.
     0 | D:1      | Reached XP level 1. HP: 10/10 MP: 3/3
   200 | D:1      | Reached skill level 4 in Earth Magic
   200 | D:1      | Reached XP level 2. HP: 15/15 MP: 1/5
   426 | D:1      | Learned a level 2 spell: Passwall
   869 | D:2      | Reached XP level 3. HP: 19/19 MP: 4/6
  1330 | D:2      | Reached XP level 4. HP: 24/24 MP: 6/8
  1364 | D:2      | Noticed Natasha
  1374 | D:2      | Killed Natasha
  1552 | D:2      | Learned a level 3 spell: Stone Arrow
  1673 | D:2      | Noticed Natasha
  1687 | D:2      | Killed Natasha
  1688 | D:2      | Reached skill level 5 in Earth Magic
  1700 | D:2      | Reached XP level 5. HP: 28/28 MP: 3/10
  1785 | D:2      | Found a runed translucent door.
  1786 | D:2      | Noticed Crazy Yiuf
  1822 | D:2      | Noticed Natasha
  1827 | D:2      | Killed Natasha
  2433 | D:2      | Killed Crazy Yiuf
  2496 | D:3      | Found a glowing drain.
  2543 | D:3      | Learned a level 5 spell: Lee's Rapid Deconstruction
  2546 | D:3      | Learned a level 2 spell: Passwall
  2549 | D:3      | Reached skill level 6 in Earth Magic
  2567 | D:3      | Reached XP level 6. HP: 32/32 MP: 7/11
  2706 | D:3      | Noticed Jessica
  2709 | D:3      | Killed Jessica
  3026 | D:3      | Noticed Grinder
  3034 | D:3      | Killed Grinder
  3035 | D:3      | Reached skill level 7 in Earth Magic
  3035 | D:3      | Reached XP level 7. HP: 29/36 MP: 6/14
  3040 | D:3      | Gained mutation: Your muscles are strong. (Str +2) [potion
                  | of mutation]
  3040 | D:3      | Gained mutation: You are partially covered in icy blue
                  | scales. (AC +2) [potion of mutation]
  3557 | D:4      | Reached skill level 5 in Spellcasting
  3815 | D:4      | Found a snail-covered altar of Cheibriados.
  3820 | D:4      | Found a sacrificial altar of Ru.
  3827 | D:4      | Became a worshipper of Ru the Awakened
  3834 | D:4      | Found a glowing golden altar of the Shining One.
  3834 | D:4      | Found a basalt altar of Yredelemnul.
  3834 | D:4      | Found a hazy altar of Hepliaklqana.
  3835 | D:4      | Found a radiant altar of Vehumet.
  3843 | D:4      | Found a bloodstained altar of Trog.
  3845 | D:4      | Found an ancient bone altar of Kikubaaqudgha.
  3847 | D:4      | Found a hide-covered altar of Uskayaw.
  3848 | D:4      | Found a shadowy altar of Dithmenos.
  4065 | D:5      | Entered Level 5 of the Dungeon
  4072 | D:5      | Learned a level 1 spell: Shock
  4223 | D:5      | Noticed Blork the orc
  4234 | D:5      | Killed Blork the orc
  4539 | D:5      | Found a radiant altar of Vehumet.
  5112 | D:5      | Noticed Prince Ribbit
  5123 | D:5      | Banished Prince Ribbit
  5124 | D:5      | Reached skill level 1 in Staves
  5124 | D:5      | Reached skill level 8 in Earth Magic
  5124 | D:5      | Reached XP level 8. HP: 13/42 MP: 16/16
  5451 | D:6      | Found a staircase to the Ecumenical Temple.
  5902 | D:6      | Found a broken altar of Ashenzari.
  6457 | D:7      | Identified a scroll of acquirement
  6457 | D:7      | Acquired the +0 pair of gloves "Ippauloih" {rElec}
  6776 | D:7      | Reached XP level 9. HP: 41/46 MP: 5/18
  6844 | D:7      | Reached skill level 1 in Conjurations
  6901 | D:7      | Reached skill level 1 in Transmutations
  7451 | D:7      | Learned a level 4 spell: Petrify
  7471 | D:7      | Reached skill level 5 in Stealth
  7989 | D:7      | Found a sparkling altar of Nemelex Xobeh.
  8248 | D:8      | Noticed Maurice
  8268 | D:8      | Killed Maurice
  8269 | D:8      | Reached skill level 9 in Earth Magic
  8550 | D:8      | Noticed a hornet
  8566 | D:8      | Killed a hornet
  8820 | D:8      | Found an iron altar of Okawaru.
  9014 | D:8      | Found a stormy altar of Qazlal.
  9014 | D:8      | Found an opulent altar of Gozag.
  9092 | D:8      | Reached XP level 10. HP: 51/51 MP: 17/21
  9141 | D:8      | Noticed a two-headed ogre
  9149 | D:8      | Killed a two-headed ogre
  9154 | D:8      | Found a staircase to the Lair.
  9385 | Lair:1   | Entered Level 1 of the Lair of Beasts
  9674 | Lair:1   | Slain by a yak

Illustrated notes

Levels and vault maps discovered:
D:1:      dpeg_arrival_arbitrary_c, layout_rooms, serial_bayou_ford_a
D:2:      layout_loops_ring, kennysheep_generic_room_16, uniq_natasha,
          uniq_crazy_yiuf_cottage
D:3:      layout_rooms, cheibrodos_sewer_entry_sluice, roderic_roman_lattice,
          minmay_misc_feat_alley, uniq_grinder, uniq_jessica
D:4:      layout_basic, minitemple
D:5:      layout_cave_pods, minmay_misc_feat_ornament, vehumet_altar_wand_db,
          uniq_prince_ribbit1, uniq_blork_the_orc
D:6:      layout_loops_cross, minmay_temple_entry_drinking_statues, basic_altar
D:7:      layout_loops_ring, marbit_many_paths, grunt_ministairs_10
D:8:      layout_basic, gammafunk_temple_overflow_elements, lair_entry_dummy,
          basic_altar, uniq_maurice
Lair:1:   layout_gridlike

Skill      XL: |  1  2  3  4  5  6  7  8  9 10 |
---------------+-------------------------------+-----
Earth Magic    | 4 5 6 7 8 9 |  9.8
Spellcasting   | 3 4 5 6 7 |  7.8
Stealth        | 3 4 6 |  6.8
Staves         | 1 3 |  3.3
Dodging        | 2 3 4 |  4.8
Conjurations   | 1 |  1.0
Transmutations | 2 3 |  3.5
Fighting       | |  0.9
Throwing       | |  0.1
Air Magic      | |  0.2
Evocations     | |  0.2

Action                   |  1- 3 |  4- 6 |  7- 9 | 10-12 || total
-------------------------+-------+-------+-------+-------++-------
Melee: Quarterstaff      |       |       |   164 |    17 ||   181
Throw: Stone             |    11 |       |     8 |       ||    19
 Cast: Sandblast         |    41 |    74 |    40 |       ||   155
       Shock             |       |       |     4 |       ||     4
       Lee's Rapid Decon |       |       |     3 |     1 ||     4
       Stone Arrow       |       |       |    67 |    22 ||    89
Evoke: Wand              |       |       |    16 |       ||    16
  Use: Scroll            |     4 |     3 |     6 |     1 ||    14
       Potion            |     5 |     3 |     7 |       ||    15
 Stab: Sleeping          |       |       |     2 |       ||     2
Armor: Robe              |     4 |     5 |    68 |    10 ||    87
Dodge: Dodged            |    22 |    11 |   232 |    31 ||   296
